 Dungeon Crawl Stone Soup version 0.19-a0-1457-g32fba05 (webtiles) character file.

1235 Andriotis the Digger (level 8, 0/44 HPs)
             Began as a Gargoyle Earth Elementalist on Sept 6, 2016.
             Slain by Pikel
             ... wielding a +1 whip of freezing
              (5 damage)
             ... on level 5 of the Dungeon.
             The game lasted 00:17:35 (5408 turns).

Andriotis the Digger (Gargoyle Earth Elementalist)  Turns: 5408, Time: 00:17:37

Health: 0/44       AC: 11    Str: 11    XL:     8   Next: 49%
Magic:  18/18      EV: 12    Int: 19    God:
Gold:   152        SH:  0    Dex: 10    Spells: 3 memorised, 11 levels left

rFire  . . .     SeeInvis .     s - +2 quarterstaff (chaos)
rCold  . . .     Gourm    .     c - +0 robe
rNeg   + . .     Faith    .     (shield currently unavailable)
rPois  ∞         Spirit   .     (no helmet)
rElec  +         Dismiss  .     u - +1 cloak
rCorr  .         Reflect  .     k - +1 pair of gloves
MR     .....     Harm     .     (no boots)
Stlth  ++........               (no amulet)
                                (no ring)
                                (no ring)

@: no status effects
A: negative energy resistance 1, electricity resistance, unbreathing,
petrification resistance, rot immunity, AC +5
a: no special abilities


You were on level 5 of the Dungeon.
You were not hungry.

You visited 2 branches of the dungeon, and saw 6 of its levels.
You also visited: Sewer.

You collected 152 gold pieces.

Inventory:

Hand Weapons
 g - a +0 short sword
 s - a +2 quarterstaff of chaos (weapon)
 v - a +3 mace
 y - a +0 falchion of protection
Missiles
 b - 174 stones (quivered)
Armour
 c - a +0 robe (worn)
 k - a +1 pair of gloves (worn)
 u - a +1 cloak (worn)
Jewellery
 o - an uncursed ring of fire
Wands
 i - a wand of flame (24/48)
Scrolls
 a - a scroll of amnesia
 l - a scroll of remove curse
 q - a scroll of magic mapping
 A - a scroll of teleportation
 D - 2 scrolls of fog
Potions
 h - a potion of berserk rage {unknown}
 j - 2 potions of invisibility
 n - a potion of magic {unknown}
 p - a potion of lignification {unknown}
 t - 6 potions of curing
 w - a potion of agility {unknown}
 x - 2 potions of flight {unknown}
 z - 4 potions of heal wounds
 B - 4 potions of might
 C - a potion of degeneration {unknown}
 E - a potion of haste {unknown}
 G - a potion of beneficial mutation {unknown}
Books
 e - a book of Geomancy

   Spells                             Type                      Level
   a - Sandblast                      Earth                        1
   b - Passwall                       Transmutation/Earth          2
   c - Stone Arrow                    Conjuration/Earth            3
   d - Petrify                        Transmutation/Earth          4
   e - Lee's Rapid Deconstruction     Earth                        5
Comestibles
 d - 5 bread rations
 f - a slice of pizza
 m - 2 meat rations
 r - 4 fruits
 F - a royal jelly


   Skills:
 + Level 2.1 Fighting
 + Level 1.6 Maces & Flails
 + Level 1.5 Armour
 + Level 2.1 Dodging
 - Level 2.1 Stealth
 * Level 6.6 Spellcasting
 + Level 3.4 Conjurations
   Level 0.7 Transmutations
 + Level 6.7 Earth Magic


You had 11 spell levels left.
You knew the following spells:

 Your Spells              Type           Power        Failure   Level  Hunger
a - Sandblast             Erth           ####..       1%          1    None
b - Stone Arrow           Conj/Erth      ####..       4%          3    ##.....
c - Lee's Rapid Deconstr  Erth           ####......   21%         5    #####..


Dungeon Overview and Level Annotations

Branches:
Dungeon (5/15)             Temple (1/1) D:4

Altars:
Cheibriados
Dithmenos
Elyvilon
Fedhas
Hepliaklqana
Kikubaaqudgha
Makhleb
Nemelex Xobeh
Ru
Trog
Uskayaw
Xom
Zin

Annotations:
D:5 Pikel


Innate Abilities, Weirdness & Mutations

You are resistant to torment.
Your stone body is resilient. (AC +5)
You are immune to poison.
You resist negative energy. (rN+)
You are resistant to electric shocks. (rElec)
You can survive without breathing.
You are immune to petrification.
You are immune to rotting.


Message History

You hit Pikel but do no damage.
Pikel goes berserk!
Pikel is heavily wounded.
Pikel hits you with a whip of freezing. Pikel freezes you.
Pikel hits you but does no damage.
You hit Pikel but do no damage.
Pikel is poisoned.
Pikel is heavily wounded.
Pikel misses you. Pikel hits you with a whip of freezing. Pikel freezes you.
You hit Pikel but do no damage.
Pikel is heavily wounded.
Pikel hits you but does no damage. x2
You closely miss Pikel.
Pikel is heavily wounded.
Pikel hits you with a whip of freezing. Pikel freezes you. Pikel misses you.
You hit Pikel.
Pikel is severely wounded.
Pikel looks more healthy.
Pikel barely misses you. Pikel hits you with a whip of freezing!
* * * LOW HITPOINT WARNING * * *
Pikel freezes you.
You die...

#.........#
#..###.##.###########
#..###.##.......[...##
#..##......###.####...
#..##..##.###...######
#.........##.....#
#......######...## #####.##
##.## #@# #.# .# #K# #.# ..
###p# #+## #.### #.pp# ##>..##
#....## #.#.## ##.....##
#####.†p#####p...####.......##
.......ppK..p................###
.....#..5#.#...#.............+..
......#.#...#.#..............###


You could see Pikel (berserk) and 3 slaves.

Vanquished Creatures
  Sigmund (D:2)
  A sky beast (D:3)
  2 big kobolds (Sewer)
  A scorpion (D:4)
  A crimson imp (D:3)
  A gnoll shaman (D:4)
  A centaur skeleton (D:5)
  2 jellies (D:5)
  A giant frog skeleton (D:4)
  4 hounds
  Crazy Yiuf (D:2)
  An iguana (D:5)
  Jessica (D:3)
  Ijyb (D:2)
  Terence (D:3)
  4 worker ants (D:4)
  9 adders
  4 gnolls (D:4)
  4 river rats (Sewer)
  3 oozes
  An adder zombie (D:3)
  A worm (D:3)
  4 dart slugs
  An orc (D:4)
  7 bats
  2 giant cockroaches
  6 goblins
  6 hobgoblins
  8 jackals
  7 ball pythons
  A giant gecko skeleton (D:5)
  2 giant newts
  19 kobolds
  A quokka skeleton (D:4)
  22 rats
132 creatures vanquished.

Notes
Turn   | Place    | Note
-------+----------+-------------------------------------------
     0 | D:1      | Andriotis the Gargoyle Earth Elementalist began the quest for the Orb.
     0 | D:1      | Reached XP level 1. HP: 10/10 MP: 3/3
   717 | D:1      | Reached XP level 2. HP: 11/15 MP: 3/5
  1181 | D:2      | Noticed Ijyb
  1214 | D:2      | Killed Ijyb
  1214 | D:2      | Reached XP level 3. HP: 12/19 MP: 1/7
  1340 | D:2      | Noticed Sigmund
  1356 | D:2      | Killed Sigmund
  1356 | D:2      | Reached skill level 5 in Earth Magic
  1356 | D:2      | Reached XP level 4. HP: 24/24 MP: 3/10
  1356 | D:2      | Reached XP level 5. HP: 28/28 MP: 3/11
  1554 | D:2      | Found a glowing silver altar of Zin.
  1603 | D:2      | Found a faded altar of an unknown god.
  1618 | D:2      | Reached XP level 6. HP: 32/32 MP: 11/13
  1934 | D:2      | Found a runed door.
  1938 | D:2      | Noticed Crazy Yiuf
  1943 | D:2      | Killed Crazy Yiuf
  1943 | D:2      | Reached skill level 5 in Spellcasting
  2129 | D:3      | Learned a level 3 spell: Stone Arrow
  2135 | D:3      | Learned a level 5 spell: Lee's Rapid Deconstruction
  2205 | D:3      | Noticed Jessica
  2211 | D:3      | Killed Jessica
  2270 | D:3      | Found a glowing drain.
  2278 | Sewer    | Entered a sewer
  2504 | Sewer    | Reached skill level 1 in Conjurations
  2654 | Sewer    | Reached XP level 7. HP: 15/36 MP: 15/15
  3536 | D:3      | Noticed Terence
  3548 | D:3      | Killed Terence
  4244 | D:4      | Reached XP level 8. HP: 42/42 MP: 17/17
  4297 | D:4      | Reached skill level 1 in Fighting
  4380 | D:4      | Found a blossoming altar of Fedhas.
  4424 | D:4      | Reached skill level 1 in Armour
  4480 | D:4      | Reached skill level 1 in Maces & Flails
  4743 | D:4      | Found a staircase to the Ecumenical Temple.
  4754 | Temple   | Entered the Ecumenical Temple
  4838 | D:4      | Found a hazy altar of Hepliaklqana.
  5087 | D:5      | Entered Level 5 of the Dungeon
  5091 | D:5      | Found a bloodstained altar of Trog.
  5373 | D:5      | Noticed Pikel
  5408 | D:5      | Slain by Pikel

Vault maps used:
D:1:      dpeg_arrival_tiny_d, minmay_pentomino_p4
D:2:      zin_academy, first_bread, ecumenical_altar_2, uniq_sigmund,
          uniq_crazy_yiuf_cottage, uniq_iyjb
D:3:      lightli_sewer_entry_pipes, uniq_terence, uniq_jessica
D:4:      lemuel_doored_altar, fedhas_altar_3
D:5:      black_bear_nest_2, gammafunk_temple_overflow_statue,
          marbit_many_paths, grunt_temple_overflow_open, minmay_splitting_lines,
          st_stairs_1, uniq_edmund, uniq_pikel
Temple:   eino_temple_lava
Sewer:    sewer_minmay_treatment

Skill      XL: |  1  2  3  4  5  6  7  8 |
---------------+-------------------------+-----
Spellcasting   | 3 4 5 6 |  6.6
Earth Magic    | 4 5 6 |  6.7
Conjurations   | 1 2 3 |  3.4
Fighting       | 2 |  2.1
Armour         | 1 |  1.5
Maces & Flails | 1 |  1.6
Dodging        | 2 |  2.1
Stealth        | |  2.1
Transmutations | |  0.7

Action                   |  1- 3 |  4- 6 |  7- 9 || total
-------------------------+-------+-------+-------++-------
Melee: Club              |    22 |       |       ||    22
       Short sword       |     3 |       |       ||     3
       Quarterstaff      |       |    91 |   252 ||   343
 Cast: Sandblast         |    24 |    30 |       ||    54
       Stone Arrow       |       |     5 |     7 ||    12
       Lee's Rapid Decon |       |       |     1 ||     1
  Use: Scroll            |     5 |     4 |     6 ||    15
       Potion            |       |       |     1 ||     1
 Stab: Sleeping          |     3 |       |     3 ||     6
       Petrifying        |       |       |     1 ||     1
       Paralysed         |       |       |     1 ||     1
  Eat: Chunk             |     1 |     5 |    10 ||    16
Armor: Robe              |    10 |    91 |   172 ||   273
Dodge: Dodged            |    26 |   127 |   256 ||   409
